 Dungeon Crawl Stone Soup version 0.29-a0-72-g1732ff48e7 (webtiles) character file.

Game seed: 9821616826492942684

21 esteth the Conjurer (level 2, -1/14 (15) HPs)
             Began as a Deep Elf Conjurer on Feb 3, 2022.
             Killed from afar by Natasha (4 damage)
             ... with a magic dart
             ... on level 4 of the Dungeon.
             The game lasted 00:02:18 (1216 turns).

esteth the Conjurer (Deep Elf Conjurer)             Turns: 1216, Time: 00:02:18

HP:   -1/14 (15)    AC:  3    Str:  4    XL:     2   Next: 62%
MP:   8/8           EV: 12    Int: 22    God:
Gold: 17            SH:  0    Dex: 13    Spells: 6/7 levels left

rFire   . . .      SeeInvis .   e - +1 dagger
rCold   . . .      Faith    .   (no shield)
rNeg    . . .      Spirit   .   a - +0 robe
rPois   .          Reflect  .   (no helmet)
rElec   .          Harm     .   b - +0 cloak
rCorr   .          Rampage  .   (no gloves)
Will    .....                   (no boots)
Stlth   ++........              (no amulet)
HPRegen 0.04/turn               (no ring)
MPRegen 0.11/turn               (no ring)

@: slowed, drained, very slow
A: no striking features
a: no special abilities


You were on level 4 of the Dungeon.
You visited 1 branch of the dungeon, and saw 3 of its levels.

You collected 17 gold pieces.

Inventory:

Hand Weapons
 e - a +1 dagger (weapon)
Armour
 a - a +0 robe (worn)
 b - a +0 cloak (worn)
Scrolls
 f - a scroll of enchant weapon
Potions
 c - a potion of might {unknown}
 g - 3 potions of degeneration {unknown}
 h - 2 potions of magic {unknown}


   Skills:
 + Level 2.8 Dodging
 + Level 3.0 Stealth
 + Level 3.3 Spellcasting
 * Level 4.6 Conjurations


You had 6 spell levels left.
You knew the following spells:

 Your Spells              Type           Power      Damage    Failure   Level
a - Magic Dart            Conj           96%        1d7       1%          1

Your spell library contained the following spells:

 Spells                   Type           Power      Damage    Failure   Level
 Searing Ray              Conj           48%        2d6       2%          2
 Dazzling Flash           Conj/Hex       28%        N/A       14%         3
 Inner Flame              Hex/Fire       3%         N/A       34%         3
 Summon Guardian Golem    Hex/Summ       3%         N/A       34%         3
 Fulminant Prism          Conj/Hex       7%         3d7       41%         4
 Iskenderun's Mystic Bla  Conj/Tloc      14%        2d5       41%         4
 Cause Fear               Hex            1%         N/A       75%         4
 Orb of Destruction       Conj           12%        9d7       100%        7
 Spellforged Servitor     Conj/Summ      7%         N/A       100%        7
 Discord                  Hex            1%         N/A       100%        8


Dungeon Overview and Level Annotations

Branches:
Dungeon (2/15)

Altars:

Annotations:
D:4 Dowan, Duvessa, Natasha


Message History

You resist with significant effort.
As you read the scroll labelled QENOCZ BUIPS, it crumbles to dust.
The scroll dissolves into smoke.
It was a scroll of fog.
Duvessa shouts!
Dowan, Brother of Duvessa comes into view.
He is wielding a +0 dagger.
You see here a cyan potion.
A hound skeleton comes into view.
The hound skeleton moves out of view.
An endoplasm comes into view.
Dowan shouts!
Dowan gestures wildly while chanting.
Dowan blinks!
Found a black potion.
Duvessa hits you with a +0 rapier!
Ouch! That really hurt!
Found a dagger.
Duvessa says, "Where magic fails, the sword succeeds!"
The hound skeleton closely misses you. The hound skeleton closely misses you.
A goblin comes into view. It is wielding a +0 dagger.
Natasha mumbles some strange words.
The hound skeleton bites you.
A necrophage comes into view.
Duvessa says, "When magic and the sword combine, nothing stands against them."
Natasha casts a spell at you.
You feel yourself slow down.
Duvessa says, "When magic and the sword combine, nothing stands against them."
Natasha closely misses you.
Natasha howls an incantation.
You feel troubled. The necrophage hits you.
* * * LOW HITPOINT WARNING * * *
You feel drained.
Natasha mumbles some strange words.
Natasha's front paws start to glow.
Natasha casts a spell.
The necrophage closely misses you. Natasha casts a spell at you.
The magic dart hits you.
You die...

.............##..###
............e...#.###
....................#
...............##...#
#............## ....
#.............# #...
##....Z.......# #..
#....h5..##.##..# ..
#..@.ne.........# ..
..................#...
...#....#.........#....
. ######.......### ..#
###.....# #...###
#..... ##..#


You could see Duvessa, a necrophage, Dowan (wandering), an iron imp (summoned),
Natasha and a hound skeleton.

Vanquished Creatures
  A dart slug (D:1)
  3 goblins
  A hobgoblin (D:1)
  4 kobolds (D:1)
  A quokka (D:1)
  A ball python (D:1)
  4 bats
  A frilled lizard (D:1)
  2 rats
18 creatures vanquished.

Notes
Turn   | Place    | Note
-------+----------+-------------------------------------------
     0 | D:1      | esteth the Deep Elf Conjurer began the quest for the Orb.
     0 | D:1      | Reached XP level 1. HP: 10/10 MP: 6/6
   201 | D:1      | Reached XP level 2. HP: 15/15 MP: 6/8
  1178 | D:2      | You fall into a shaft and drop 2 floors!
  1178 | D:4      | Noticed Duvessa
  1178 | D:4      | Noticed Natasha
  1180 | D:4      | Noticed Dowan
  1196 | D:4      | Noticed a crimson imp
  1200 | D:4      | Noticed a necrophage
  1216 | D:4      | Killed from afar by Natasha

Illustrated notes

Levels and vault maps discovered:
D:1:      shiori_arrival_elements, layout_basic, serial_bayou_crossing
D:2:      layout_rooms
D:4:      layout_cave_pools, serial_bayou_pond_c, minmay_fire_ice_demons,
          uniq_duvessa, uniq_natasha

Skill      XL: |  1  2 |
---------------+-------+-----
Stealth        | 3 |  3.0
Dodging        | |  2.8
Spellcasting   | |  3.3
Conjurations   | |  4.6

Action                   || total
-------------------------++-------
 Cast: Magic Dart        ||    29
  Use: Scroll            ||     2
Dodge: Dodged            ||     4

Table legend: (Time is in decaauts)
 A = Elapsed time spent in this place.
 B = Non-inter-level travel time spent in this place.
 C = Inter-level travel time spent in this place.
 D = Time resting spent in this place.
 E = Time spent auto-exploring this place.
 F = Levels seen in this place.
 G = Mean time per level.
                   A        B        C        D        E       F      G
               +--------+--------+--------+--------+--------+-----+--------+
         Total |   1222 |   1212 |     10 |      0 |   1083 |   3 |  407.3 |
       Dungeon |   1222 |   1212 |     10 |      0 |   1083 |   3 |  407.3 |
               +--------+--------+--------+--------+--------+-----+--------+

Top non-repeatable levels by time:
     D:1: 968 daAuts
     D:2: 213 daAuts
     D:4: 40 daAuts
